 Dungeon Crawl Stone Soup version 0.17.1-1-g73c8601 (webtiles) character file.

62 DeXoteric the Ruffian (level 4, -5/38 (40) HPs)
             Began as a Ghoul Monk on Dec 19, 2015.
             Slain by Natasha (7 damage)
             ... on level 2 of the Dungeon.
             The game lasted 00:04:13 (1763 turns).

DeXoteric the Ruffian (Ghoul Monk)                  Turns: 1763, Time: 00:04:13

HP:   -5/38 (40)    AC:  9    Str: 15    XL:     4   Next: 8%
MP:   3/3           EV:  7    Int:  5    God:
Gold: 142           SH:  0    Dex: 11    Spells: 0 memorised, 3 levels left

rFire  . . .     SeeInvis .       - Unarmed
rCold  + + .     Clarity  .     q - +0 chain mail {rC+}
rNeg   + + +     SustAt   .     (no shield)
rPois  ∞         Gourm    .     e - +0 helmet
rElec  .         Spirit   .     (no cloak)
rCorr  .         Warding  .     (no gloves)
rMut   .         Stasis   .     (no boots)
MR     .....                    (no amulet)
Stlth  ..........               (no ring)
                                (no ring)

@: confused, rotting, not resistant to hostile enchantments, extremely
unstealthy
A: rotting body, claws 1, carnivore 3, cold resistance 1, negative energy
resistance 3, slow regeneration 1, torment resistance, unbreathing
a: no special abilities


You were on level 2 of the Dungeon.
You were not hungry.

You visited 1 branch of the dungeon, and saw 2 of its levels.

You collected 142 gold pieces.

Inventory:

Armour
 a - a +0 robe
 e - a +0 helmet (worn)
 q - a +0 chain mail of cold resistance (worn)
Wands
 n - a wand of digging (15)
Scrolls
 f - a scroll of fog {unknown}
 g - 3 scrolls of identify {unknown}
 h - a scroll of remove curse {unknown}
 i - a scroll of immolation {unknown}
 j - 2 scrolls of fear {unknown}
 k - a scroll of teleportation {unknown}
 l - a scroll of blinking {unknown}
 o - 2 scrolls of noise {unknown}
 p - a scroll of magic mapping {unknown}
Potions
 c - a potion of curing {unknown}
 m - 4 potions of heal wounds {unknown}
Comestibles
 b - 2 meat rations


   Skills:
 + Level 3.7 Fighting
 + Level 1.1 Armour
 + Level 2.9 Dodging
 - Level 2.1 Stealth
 * Level 5.3 Unarmed Combat


You had 3 spell levels left.
You didn't know any spells.

Dungeon Overview and Level Annotations

Branches:
Dungeon (2/15)

Altars:
Vehumet

Annotations:
D:2 Natasha


Innate Abilities, Weirdness & Mutations

Your body is rotting away.
You thrive on raw meat.
You are immune to poison.
You have sharp fingernails.
You are carnivorous and can eat meat at any time.
Your flesh is cold resistant.
You are immune to negative energy.
You regenerate slowly when monsters are visible.
You are immune to unholy pain and torment.
You can survive without breathing.


Message History

* * * LOW HITPOINT WARNING * * *
The iron imp completely misses you.
You barely miss Natasha.
Natasha casts a spell.
Natasha casts a spell at you. You resist with some effort.
You scratch the iron imp.
The iron imp disappears in a puff of smoke!
You bump into the rock wall.
Natasha barely misses you.
You miss Natasha.
Natasha stares at you and mumbles some strange words.
You resist with some effort.
You bump into the rock wall.
Natasha zaps a wand.
Your will is overpowered!
You are more confused.
You bump into the rock wall.
Natasha zaps a wand.
Your will is overpowered!
You are more confused.
You closely miss Natasha.
Natasha zaps a wand.
Your will is overpowered!
You are more confused.
You claw Natasha! Natasha claws you!
You die...

#.......###...
...<........
..........# .
#......# .. #
#......# ######. ###
#. #......# #...##.
#<# ..
#......###...##. #.#
#.###......).....##.
#.#
#>.nh5.......>......
#.#
#.###...............
#.# #
######........#. #.#
#...........#. #.#
#)##........## #.#
#.#######.#.##
##.######### #.#
#.#.## #..........#
#####.## #.#.##
##########.#
#......# #. #


You could see Natasha and a shadow imp.

Vanquished Creatures
  Terence (D:2)
  An adder (D:2)
  A ball python (D:1)
  A giant cockroach (D:1)
  5 goblins
  A hobgoblin (D:2)
  4 jackals (D:2)
  3 kobolds
  2 bats (D:2)
  2 giant geckos (D:1)
  2 giant newts
  7 rats
30 creatures vanquished.

Notes
Turn   | Place    | Note
--------------------------------------------------------------
     0 | D:1      | DeXoteric the Ghoul Monk began the quest for the Orb.
     0 | D:1      | Reached XP level 1. HP: 19/19 MP: 0/0
   694 | D:1      | Reached XP level 2. HP: 26/26 MP: 1/1
  1179 | D:2      | Reached skill level 1 in Armour
  1179 | D:2      | Reached XP level 3. HP: 3/30 MP: 2/2
  1451 | D:2      | Found a radiant altar of Vehumet.
  1464 | D:2      | Reached skill level 5 in Unarmed Combat
  1527 | D:2      | Noticed Terence
  1544 | D:2      | Killed Terence
  1544 | D:2      | Reached XP level 4. HP: 18/38 MP: 3/3
  1717 | D:2      | Noticed Natasha
  1753 | D:2      | HP: 1/38 [Natasha (3)]
  1763 | D:2      | Slain by Natasha

Action                   |  1- 3 |  4- 6 || total
-------------------------+-------+-------++-------
Melee: Unarmed           |    81 |    22 ||   103
 Stab: Sleeping          |     2 |       ||     2
  Eat: Chunk             |     4 |       ||     4
